 Dungeon Crawl Stone Soup version 0.29.1-1-gd02db6906a (webtiles) character file.

Game seed: 10452627690674750932

8719 unlimited1921 the Thaumaturge (level 11, -3/99 HPs)
             Began as a Djinni Fire Elementalist on Oct 2, 2022.
             Was a Priest of Makhleb.
             Slain by a troll (13 damage)
             ... on level 9 of the Dungeon.
             The game lasted 01:09:01 (15496 turns).

unlimited1921 the Thaumaturge (DjFE)               Turns: 15496, Time: 01:09:02

Health: -3/99      AC:  6    Str:  7    XL:     11   Next: 61%
Gold:   409        EV: 14    Int: 20    God:    Makhleb [***...] SH:  0 Dex: 15

rFire   + + +      SeeInvis .   G - +2 mace (protect)
rCold   + . .      Faith    .   M - orb {*Rage}
rNeg    . . .      Spirit   .   q - +2 robe {rC+}
rPois   ∞          Reflect  .   x - +0 helmet
rElec   .          Harm     .   o - scarf {rC+ rF+}
rCorr   .          Rampage  .   g - +0 pair of gloves
Will    +....      Rage     20% (boots unavailable)
Stlth   ..........              (no amulet)
HPRegen 0.26/turn               (no ring)
MPRegen 0.00/turn               (no ring)

@: berserking, flying, very quick
A: sickness immunity, fire resistance 2, cold vulnerability 1, float, innate
caster, HP casting, extra vitality 1
a: Renounce Religion, Minor Destruction, Lesser Servant of Makhleb


You were on level 9 of the Dungeon.
You worshipped Makhleb.
Makhleb was most pleased with you.
You visited 1 branch of the dungeon, and saw 9 of its levels.

You collected 700 gold pieces.
You spent 291 gold pieces at shops.

Inventory:

Hand Weapons
 f - a +2 hand axe of electrocution
 k - a +1 vorpal mace
 u - a +5 mace of freezing
 G - a +2 mace of protection (weapon)
 J - a +5 trident
 K - a +5 falchion
 P - a +2 spear of venom
 R - a +1 scimitar of flaming
 T - a +4 war axe
Missiles
 d - 104 stones
 l - 6 javelins
 p - 29 poisoned darts
 v - a throwing net
Armour
 e - a scarf of harm
 g - a +0 pair of gloves (worn)
 m - a +0 ring mail
 o - a scarf of resistance (worn)
 q - a +2 robe of cold resistance (worn)
 x - a +0 helmet (worn)
 M - an orb of wrath (worn)
 N - +0 steam dragon scales
Wands
 j - a wand of light (17)
 n - a wand of roots (11)
 y - a wand of flame (48) (quivered)
 E - a wand of digging (9)
 I - a wand of polymorph (6)
Scrolls
 b - a scroll of magic mapping
 s - 3 scrolls of blinking {unknown}
 t - a scroll of enchant weapon
 w - a scroll of summoning
 A - 2 scrolls of poison {unknown}
 C - 2 scrolls of fear
 F - 3 scrolls of enchant armour {unknown}
 H - a scroll of butterflies
 O - a scroll of silence
 Q - 2 scrolls of teleportation
Potions
 a - a potion of mutation
 c - 2 potions of haste {unknown}
 h - 2 potions of attraction
 i - 2 potions of might
 r - 2 potions of brilliance
 z - 3 potions of heal wounds {unknown}
 B - a potion of invisibility
 D - 4 potions of curing


   Skills:
 + Level 0.9 Fighting
 + Level 0.3 Maces & Flails
 + Level 0.1 Armour
 + Level 4.6 Dodging
 + Level 4.3 Stealth
 + Level 12.7 Spellcasting
 + Level 1.1 Evocations


You had 8 spell levels left.
You knew the following spells:

 Your Spells              Type           Power      Damage    Failure   Level
a - Foxfire               Conj/Fire      100%       2x1d9     1%          1
b - Scorch                Fire           100%       2d10      1%          2
c - Conjure Flame         Conj/Fire      59%        6-21      1%          3
d - Inner Flame           Hex/Fire       59%        N/A       1%          3
e - Flame Wave            Conj/Fire      59%        2d14      1%          4
f - Freeze                Ice            100%       1d11      1%          1
g - Passwall              Tmut/Erth      49%        N/A       1%          2
h - Summon Guardian Gole  Hex/Summ       59%        N/A       1%          3
i - Lesser Beckoning      Tloc           59%        N/A       1%          3
j - Yara's Violent Unrav  Hex/Tmut       29%        3d12      1%          5
Your spell library was empty.

Dungeon Overview and Level Annotations

Branches:
Dungeon (9/15)             Temple (0/1) D:5            Lair (0/5) D:9
    Orc: D:9-12

Altars:
Cheibriados
Elyvilon
Gozag
Makhleb
Okawaru
Ru
Trog
Uskayaw
Wu Jian
Yredelemnul
The Shining One

Shops:
D:3 *   D:5 (   D:7 (   D:8 ?

Annotations:
D:8 3 transporters


Innate Abilities, Weirdness & Mutations

You are immune to sickness and miasma.
You are immune to poison.
Your flesh is very heat resistant. (rF++)
You are vulnerable to cold. (rC-)
You float through the air rather than walking.
You learn spells naturally, not from books.
Your magical power is your life essence.
You have superior vitality. (+4 MHP)


Message History

The troll closely misses you.
Your foxfire dissipates!
The foxfire hits the troll.
The troll is heavily wounded.
Casting: Foxfire (safe; 1% risk of failure)
Confirm with . or Enter, or press ? or * to list all spells.
You conjure some foxfire!
The troll bites you but does no damage. The troll barely misses you. x2
The foxfire hits the troll.
The troll is heavily wounded.
The foxfire hits the troll.
The troll is heavily wounded.
Casting: Foxfire (safe; 1% risk of failure)
Confirm with . or Enter, or press ? or * to list all spells.
Aiming: Freeze (safe; 1% risk of failure)
Press: ? - help, Shift-Dir - straight line, f - troll
Aim: a troll (heavily wounded, ally target)
You freeze the troll.
The troll is heavily wounded.
The troll bites you! The troll claws you.
The troll claws you but does no damage.
Casting: Freeze (safe; 1% risk of failure)
Confirm with . or Enter, or press ? or * to list all spells.
Aiming: Freeze (safe; 1% risk of failure)
Press: ? - help, Shift-Dir - straight line, f/p - troll
Aim: a troll (heavily wounded, ally target)
Okay, then.
Unknown command.
Casting: Freeze (safe; 1% risk of failure)
Confirm with . or Enter, or press ? or * to list all spells.
Flames lash the troll.
The troll is severely wounded.
The troll's fire resistance burns away.
The troll bites you!
* * * LOW HITPOINT WARNING * * *
The troll claws you!
* * * LOW HITPOINT WARNING * * *
The troll barely misses you.
A red film seems to cover your vision as you go berserk!
You feel yourself moving faster!
You feel mighty! The troll bites you!
You die...

#######.##.###.####.#
...........#........#
#######.#..#.#.######
#=#:.#.#...:.... # ###
#.#..#.#########.# #
#.######.#..#.........#.#
#.##.##...........#...........#
#................##.######....#
#.##.##.#.....@#.#### ####.....
#.......T#.# ##.#.......#
#.##.#.#9#.##⌠._##.#.....
#÷##...#.#..'$..8#.#.#.##
#.#.......9.#⌠._##.....#
#.#.....>##.# #.#......#
###'#.......#.#########..#
#####...........#.#.......#.##
#...'.............##......#.###


You could see a troll (combustible, ally target) and a friendly guardian golem
(summoned, inner flame).

Vanquished Creatures
  Erica (D:8)
  A two-headed ogre (D:9)
  Pikel (D:5)
  Sigmund (D:3)
  A wyvern (D:8)
  14 yaks
  A wraith (D:7)
  2 steam dragons
  2 water moccasins (D:7)
  2 ice beasts (D:8)
  3 sky beasts
  2 black bears
  An ogre (D:6)
  5 centaurs
  3 lemures (D:5)
  2 phantoms
  Blork the orc (D:4)
  2 kobold brigands
  3 bullfrogs
  A necrophage (D:6)
  7 scorpions
  13 wights
  5 killer bees (D:7)
  5 howler monkeys
  5 jellies
  A hound (D:7)
  3 orc priests
  Jessica (D:3)
  Ijyb (D:5)
  2 iguanas
  11 orc wizards
  7 adders
  6 gnolls
  A shadow imp (D:8)
  2 white imps
  4 worms
  A dart slug (D:4)
  24 orcs
  4 ball pythons
  3 endoplasms
  4 giant cockroaches
  3 goblins
  9 hobgoblins
  9 kobolds
  7 quokkas
  6 bats
  5 frilled lizards
  5 rats
203 creatures vanquished.

Vanquished Creatures (collateral kills)
  A foxfire (D:5)
1 creature vanquished.

Vanquished Creatures (others)
  A centaur (D:4)
  440 foxfires
441 creatures vanquished.

Grand Total: 645 creatures vanquished

Notes
Turn   | Place    | Note
-------+----------+-------------------------------------------
     0 | D:1      | unlimited1921 the Djinni Fire Elementalist began the quest
                  | for the Orb.
     0 | D:1      | unlimited1921 set off with the following spells memorised:
                  | Foxfire, Scorch, Conjure Flame, Inner Flame, Flame Wave.
     0 | D:1      | Reached XP level 1. HP: 15/15 MP: 0/0
   278 | D:1      | Reached XP level 2. HP: 16/21 MP: 0/0
   823 | D:1      | Found a faded altar of an unknown god.
  1191 | D:1      | Reached skill level 3 in Spellcasting
  1225 | D:1      | Reached XP level 3. HP: 17/25 MP: 0/0
  1225 | D:1      | Learned a level 1 spell: Freeze
  1828 | D:2      | You are sucked into a shaft and drop 2 floors!
  1868 | D:4      | Noticed a scorpion
  2012 | D:5      | Entered Level 5 of the Dungeon
  2012 | D:5      | Noticed a phantom
  2023 | D:4      | Reached XP level 4. HP: 26/31 MP: 0/0
  2369 | D:4      | Noticed a scorpion
  2387 | D:4      | Reached skill level 4 in Spellcasting
  2387 | D:4      | Reached XP level 5. HP: 14/35 MP: 0/0
  2387 | D:4      | Learned a level 2 spell: Passwall
  2912 | D:4      | Reached XP level 6. HP: 36/40 MP: 0/0
  3170 | D:3      | Noticed Jessica
  3175 | D:3      | Killed Jessica
  3614 | D:3      | Noticed Sigmund
  3657 | D:3      | Killed Sigmund
  3658 | D:3      | Reached skill level 5 in Spellcasting
  3658 | D:3      | Reached XP level 7. HP: 9/45 MP: 0/0
  3658 | D:3      | Learned a level 3 spell: Summon Guardian Golem
  5166 | D:3      | Found Feehop Wos's General Store.
  5188 | D:3      | Bought a scroll of identify for 20 gold pieces
  5188 | D:3      | Bought a potion of invisibility for 80 gold pieces
  5188 | D:3      | Bought a scroll of fear for 40 gold pieces
  5188 | D:3      | Bought a potion of curing for 30 gold pieces
  5279 | D:3      | Found a burning altar of Makhleb.
  5284 | D:3      | Became a worshipper of Makhleb the Destroyer
  5647 | D:4      | Found a hide-covered altar of Uskayaw.
  5647 | D:4      | Found a sacrificial altar of Ru.
  5655 | D:4      | Found a faded altar of an unknown god.
  5657 | D:4      | Found a glowing golden altar of the Shining One.
  5659 | D:4      | Found a white marble altar of Elyvilon.
  6104 | D:4      | Noticed Blork the orc
  6111 | D:4      | Killed Blork the orc
  6112 | D:4      | Reached skill level 6 in Spellcasting
  6341 | D:4      | Reached XP level 8. HP: 38/51 MP: 0/0
  6449 | D:5      | Reached skill level 1 in Evocations
  6934 | D:5      | Found a staircase to the Ecumenical Temple.
  7025 | D:5      | Noticed Ijyb
  7034 | D:5      | Killed Ijyb
  7335 | D:5      | Noticed Pikel
  7894 | D:5      | Found Yruciat's Antique Weapon Shoppe.
  7948 | D:5      | Reached skill level 7 in Spellcasting
  8192 | D:5      | Killed Pikel
  8193 | D:5      | Reached skill level 8 in Spellcasting
  8193 | D:5      | Reached XP level 9. HP: 39/56 MP: 0/0
  8193 | D:5      | Learned a level 3 spell: Lesser Beckoning
  8694 | D:5      | Found an iron altar of Okawaru.
  9401 | D:6      | Reached * piety under Makhleb
  9402 | D:6      | Reached skill level 9 in Spellcasting
 10095 | D:6      | Found a bloodstained altar of Trog.
 10411 | D:7      | Reached XP level 10. HP: 20/61 MP: 0/0
 10853 | D:7      | Reached skill level 10 in Spellcasting
 11647 | D:7      | Found a snail-covered altar of Cheibriados.
 11693 | D:7      | Found Vuriliv's Weapon Shoppe.
 12200 | D:7      | Reached ** piety under Makhleb
 12385 | D:8      | Found a transporter.
 12514 | D:8      | Found a transporter.
 12574 | D:8      | Found a transporter.
 12603 | D:8      | Reached skill level 11 in Spellcasting
 12830 | D:8      | Found Zyphaqun's Magic Scroll Shop.
 12846 | D:8      | Bought 3 scrolls of identify for 66 gold pieces
 12846 | D:8      | Bought a scroll of identify for 22 gold pieces
 12846 | D:8      | Bought a scroll of teleportation for 33 gold pieces
 12882 | D:8      | Noticed Erica
 13509 | D:8      | Found a transporter.
 13813 | D:8      | Reached XP level 11. HP: 62/66 MP: 0/0
 13813 | D:8      | Learned a level 5 spell: Yara's Violent Unravelling
 14006 | D:8      | Killed Erica
 14058 | D:8      | Found a transporter.
 14058 | D:8      | Identified the +0 pair of boots "Rocsatt" {rElec Int+2
                  | Dex+4}
 14069 | D:8      | Noticed a cyclops
 14070 | D:8      | Found a basalt altar of Yredelemnul.
 14070 | D:8      | Found a transporter.
 14606 | D:9      | Noticed a two-headed ogre
 14613 | D:9      | Killed a two-headed ogre
 14614 | D:9      | Reached skill level 12 in Spellcasting
 14702 | D:9      | Reached *** piety under Makhleb
 14955 | D:9      | Found a staircase to the Lair.
 15477 | D:9      | Found an ornate altar of the Wu Jian Council.
 15477 | D:9      | Found an opulent altar of Gozag.
 15496 | D:9      | Slain by a troll

Illustrated notes

Levels and vault maps discovered:
D:1:      dpeg_arrival_line_fractal, layout_rooms, basic_ecumenical_altar
D:2:      layout_basic, skrybe_limestone_x
D:3:      layout_basic, lightli_temple_of_fire, serial_shops, shop_statue,
          uniq_sigmund, uniq_jessica
D:4:      layout_basic, chequers_temple_overflow_minitemple,
          kennysheep_generic_room_10, uniq_blork_the_orc
D:5:      layout_gridville, okawaru_altar_gauntlet_db,
          minmay_temple_entry_gardened_gates, serial_shops,
          nicolae_shop_hallway_stairs, uniq_pikel, uniq_ijyb
D:6:      layout_loops_ring, mainiacjoe_overflow_small_starburst,
          vehumet_altar_wand_db, mainiacjoe_overflow_alcove_2
D:7:      layout_layer_cave, mainiacjoe_overflow_paths, serial_shops,
          shop_fountains
D:8:      kennysheep_ambush_hall, layout_rooms, gammafunk_temple_overflow_arena,
          serial_shops, nicolae_shop_stone, nicolae_transporter_circle,
          uniq_erica
D:9:      lemuel_ice_statue, layout_basic, gammafunk_temple_overflow_statue,
          lair_entry_dummy

Skill      XL: |  1  2  3  4  5  6  7  8  9 10 11 |
---------------+----------------------------------+-----
Spellcasting   | 3 4 5 6 8 9 11 12 | 12.7
Stealth        | 2 3 4 |  4.3
Dodging        | 3 4 |  4.6
Evocations     | 1 |  1.1
Fighting       | |  0.9
Maces & Flails | |  0.3
Armour         | |  0.1

Action                   |  1- 3 |  4- 6 |  7- 9 | 10-12 || total
-------------------------+-------+-------+-------+-------++-------
Melee: Quarterstaff      |     2 |     1 |       |       ||     3
       Mace              |       |       |     2 |     4 ||     6
 Cast: Foxfire           |    47 |    42 |    86 |   101 ||   276
       Scorch            |       |    20 |    69 |    29 ||   118
       Passwall          |       |     3 |       |       ||     3
       Inner Flame       |       |     1 |    31 |    55 ||    87
       Summon Guardian G |       |       |    11 |    30 ||    41
       Freeze            |       |       |     2 |     1 ||     3
       Flame Wave        |       |       |     1 |     3 ||     4
Evoke: Wand              |       |     6 |       |     4 ||    10
  Use: Scroll            |       |       |     8 |     7 ||    15
       Potion            |       |       |     2 |     2 ||     4
Armor: Robe              |       |     1 |     8 |     9 ||    18
Dodge: Dodged            |     2 |     8 |    22 |    33 ||    65
